 Dungeon Crawl Stone Soup: Circus Animals version 1.7-37-g2c94cca (webtiles) character file.

9785 Ihatecarrots00 the Carver (level 16, 0/221 HPs) *EASY*
             Began as a Lava Orc Berserker on Sept 15, 2016.
             Was the Champion of Trog.
             Slain by an orc
             ... wielding a +2 trident of flaming
             ... led by an orc warlord
              (3 damage)
             ... on level 7 of the Orcish Mines on Sept 19, 2016.
             The game lasted 01:15:24 (22939 turns).

Ihatecarrots00 the Carver (Lava Orc Berserker)     Turns: 22939, Time: 01:15:25

Health: 0/221      AC: 26    Str: 24    XL:     16   Next: 83%
Magic:  100/100    EV:  9    Int: 19    God:    Trog [******]
Gold:   3299       SH:  0    Dex:  9    Spells: 0 memorised, 15 levels left

rFire  + + .     rPois    .     l - +6 triple sword (slice)
rCold  x . .     rElec    .     f - +2 plate armour {rF+}
rNeg   + + +     rCorr    .     (shield currently unavailable) MagicSh . . . SeeInvis +
                                b - +2 hat of Synchronized Stabbing {rC- rN+++ Dex-2 SInv} StaminaSh . . . Faith .
                                (no cloak) RegenHP +++++.....
SustAt .                        (no gloves) RegenSP ++++++.... Dismiss .
                                (no boots) RegenMP +++....... Reflect .
                                c - amulet of stamina regeneration
MR     +++..     Harm     .     (no ring)
Stlth  ..........               p - +2 ring of evasion

@: confused, brilliant, lethally poisoned (0 -> 0), exhausted, flying, slow,
extremely resistant to hostile enchantments, extremely unstealthy
A: AC +5
a: Berserk, Trog's Hand, Brothers in Arms, Burn Spellbooks, Renounce Religion,
Convert to Beogh


You were on level 7 of the Orcish Mines.
You worshipped Trog.
Trog was exalted by your worship.
You were not hungry.

You visited 3 branches of the dungeon, and saw 21 of its levels.
You also visited: Volcano.

You collected 3923 gold pieces.
You spent 624 gold pieces at shops.

Inventory:

Hand Weapons
 a - a +4 vampiric executioner's axe
 l - a +6 triple sword of slicing (weapon)
 r - a +7 demon blade of venom
 s - a +6 double sword of slicing
Armour
 b - the +2 hat of Synchronized Stabbing (worn) {rC- rN+++ Dex-2 SInv}
   (You acquired it on level 5 of the Lair of Beasts)

   It affects your dexterity (-2).
   It makes you vulnerable to cold.
   It renders you almost immune to negative energy.
   It lets you see invisible.
 f - a +2 plate armour of fire resistance (worn)
 t - a +2 plate armour of magic resistance
Rods
 d - a +1 rod of shadows (9/9)
   (You found it on level 6 of the Lair of Beasts)
Jewellery
 c - an amulet of stamina regeneration (around neck)
 k - a cursed amulet of magic regeneration {unknown}
 o - an uncursed ring of protection from cold
 p - a +2 ring of evasion (left hand)
 q - an uncursed amulet of rage
 u - an uncursed amulet of quick casting
Wands
 e - a wand of confusion (32/48)
 g - a wand of flame (25/96)
 h - a wand of random effects (52/144)
 i - a wand of digging (18/24)
 j - a wand of paralysis (6/24)
 m - a wand of lightning (6/15)
 n - a wand of iceblast (8/30)
Scrolls
 e - a scroll of fog
 h - 6 scrolls of teleportation
 k - 6 scrolls of enchant armour
 o - a scroll of magic mapping
 s - 6 scrolls of noise
 v - a scroll of enchant weapon
 x - 9 scrolls of remove curse
 y - 2 scrolls of recharging
 C - 2 scrolls of fear
 H - a scroll of holy word
 I - a scroll of immolation
Potions
 b - 26 potions of stamina
 c - 11 potions of magic
 d - 5 potions of might
 f - 3 potions of lignification
 g - 3 potions of berserk rage
 j - 5 potions of mutation
 l - 17 potions of curing
 m - 6 potions of brilliance
 n - 4 potions of invisibility
 p - 4 potions of flight
 q - a potion of beneficial mutation {unknown}
 r - 8 potions of degeneration {unknown}
 u - 3 potions of haste {unknown}
 w - 2 potions of resistance {unknown}
 z - 2 potions of cure mutation {unknown}
 A - a potion of cancellation {unknown}
 B - 2 potions of ambrosia {unknown}
 G - 5 potions of agility {unknown}
Books
 t - a book of Frost

   Spells                             Type                      Level
   a - Freeze                         Ice                          1
   b - Throw Frost                    Conjuration/Ice              2
   c - Ozocubu's Armour               Charms/Ice                   3
   d - Throw Icicle                   Conjuration/Ice              4
   e - Summon Ice Beast               Ice/Summoning                4
   Trog disapproves of the use of such an item.
 D - a book of Geomancy

   Spells                             Type                      Level
   a - Sandblast                      Earth                        1
   b - Passwall                       Transmutation/Earth          2
   c - Stone Arrow                    Earth                        2
   d - Petrify                        Transmutation/Earth          4
   e - Lee's Rapid Deconstruction     Transmutation/Earth          5
   Trog disapproves of the use of such an item.
 E - a book of Spatial Translocations

   Spells                             Type                      Level
   a - Apportation                    Translocation                1
   b - Blink                          Translocation                2
   c - Shroud of Golubria             Charms/Translocation         2
   d - Portal Projectile              Translocation/Air            3
   e - Teleport Other                 Hexes/Translocation          3
   f - Passage of Golubria            Translocation/Air            4
   Trog disapproves of the use of such an item.
 F - a book of Maledictions

   Spells                             Type                      Level
   a - Corona                         Hexes/Light                  1
   b - Ensorcelled Hibernation        Hexes/Ice/Time               2
   c - Confuse                        Hexes/Darkness               3
   d - Tukima's Dance                 Hexes/Summoning              3
   e - Dazzling Spray                 Conjuration/Hexes/Light      3
   Trog disapproves of the use of such an item.


   Skills:
 + Level 11.1 Fighting
 * Level 13.2 Long Blades
 - Level 7.5 Axes
 + Level 10.5 Armour
 + Level 7.7 Dodging


You had 15 spell levels left.
You didn't know any spells.

Dungeon Overview and Level Annotations

Branches:
Dungeon (7/7)                 Elf (0/4) Orc:6          Lair (7/7) D:7
    Orc (7/7) Lair:7       Shoals (0/4) Lair:4        Snake (0/4) Lair:3
 Spider (0/4) Orc:6         Swamp (0/4) Lair:6
  Dwarf: Orc:2-6     Forest: Orc:7

Altars:
Ashenzari
Okawaru
Trog
Vehumet
Xom
Yredelemnul
Beogh
Jiyva

Shops:
D:7 :   Orc:3 ?   Orc:6 *   Orc:7 (


Message History

You're too confused!
You're too confused!
You're too confused!
You're too confused!
You feel better.
The orc warrior hits you but does no damage.
The orc warlord hits you with a great mace of confusion! (hp-12)
* * * LOW HITPOINT WARNING * * *
You are confused.
The orc hits you from afar with a trident of venom. (hp-6)
* * * LOW HITPOINT WARNING * * *
You are poisoned.
The orc warrior hits you but does no damage.
The troll completely misses you. x3; The orc priest miscasts a cantrip.
The orc warrior hits you from afar with a trident! (hp-8)
* * * LOW HITPOINT WARNING * * *; The orc warrior misses you.
You are too injured to fight recklessly!
You slice the orc!! (mon hp-22)
You kill the orc!
Trog accepts your kill. (hp-1)
You feel sick.
The orc no longer looks unusually strong.
The orc hits you from afar with a trident of flaming. (hp-3)
You die...

............#
............##
.............#
.............##
..............#
....OooOo......
....ooooT......#
#####o@oo.....#
#...#)o)..##..##
#._.'oo).##....#
#
#...#..)......#
##
#####...)....##
#.
........#.....#
#.
###.####.....##
#. ## #.).)).##
#. #..[))..## #.


You could see an orc warlord, a troll, a two-headed ogre, 5 orc warriors, an
ogre, an orc priest, an orc wizard (invisible) and 5 orcs.

Vanquished Creatures
  Rupert (Lair:5)
  3 orc warlords
  6 stone giants
  Nessos (Orc:3)
  5 ettins
  Snorg (Lair:7)
  Harold (Orc:5)
  2 catoblepae
  12 hydras
  7 death yaks
  2 ogre magi
  8 orc high priests
  A fire crab (Lair:6)
  A lindwurm (Volcano)
  9 orc knights
  3 griffons
  7 orc sorcerers
  5 cyclopes
  37 elephants
  3 torpor snails
  14 black mambas
  2 molten gargoyles (Volcano)
  A giant leech (Lair:6)
  21 spiny frogs
  15 komodo dragons
  A gargoyle (Volcano)
  4 rime drakes
  2 boulder beetles
  6 polar bears
  10 trolls
  14 two-headed ogres
  4 redbacks
  Prince Ribbit (Lair:2)
  48 blink frogs
  11 spriggans (Lair:7)
  49 yaks
  2 hungry ghosts
  10 hippogriffs
  3 basilisks
  5 fire elementals (Volcano)
  2 wyverns
  3 phantoms
  A mottled dragon (D:6)
  20 wargs
  7 black bears
  A naga (Lair:3)
  14 water moccasins
  An ice beast (D:6)
  Edmund (D:4)
  26 ogres
  14 crocodiles
  10 porcupines
  50 orc warriors
  3 wasps (Lair:7)
  3 boggarts (Lair:7)
  5 centaurs
  A troll zombie (Lair:7)
  33 wolves
  Sigmund (D:3)
  2 gnoll sergeants
  11 giant frogs
  A water moccasin zombie (D:5)
  A wyvern skeleton (D:6)
  5 scorpions
  2 centaur skeletons
  3 giant frog skeletons
  3 giant frog zombies
  6 jellies
  4 ogre zombies (Lair:7)
  3 dart slugs
  13 hounds
  3 howler monkeys
  27 orc priests
  5 wights (D:7)
  9 giant geckos
  2 gnoll shamans (D:7)
  4 iguanas
  219 orcs
  52 sheep
  6 worker ants
  14 adders
  4 ball pythons
  12 bats
  A crimson imp (D:6)
  7 giant cockroaches
  37 gnolls
  9 goblins
  5 hobgoblins
  11 jackals
  4 kobolds
  41 orc wizards
  2 quokkas
  41 river rats
  2 shadow imps
  An adder skeleton (D:7)
  An adder zombie (D:6)
  2 giant gecko skeletons (D:4)
  5 giant newts
  A goblin skeleton (Lair:7)
  5 goblin zombies (Lair:7)
  2 jackal skeletons
  A killer bee zombie (D:7)
  2 oozes
  3 orc skeletons (Lair:7)
  8 orc zombies (Lair:7)
  A quokka skeleton (D:4)
  A quokka zombie (D:7)
  13 rats
  A worker ant zombie (D:6)
  8 worms
  A fire vortex (Volcano)
  12 fungi
  10 plants
1183 creatures vanquished.

Vanquished Creatures (others)
  An ogre mage (Orc:6)
  A gargoyle (Volcano)
  A troll (Orc:7)
  A two-headed ogre (Orc:6)
  An ogre (Orc:6)
  2 orc warriors (Orc:6)
  An orc wizard (Orc:3)
  2 orcs
  A bush (Lair:7)
  13 fungi
  24 plants
48 creatures vanquished.

Grand Total: 1231 creatures vanquished

Notes
Turn   | Place    | Note
-------+----------+-------------------------------------------
     0 | D:1      | Ihatecarrots00 the Lava Orc Berserker began the quest for the Orb.
     0 | D:1      | Reached XP level 1. HP: 39/39 MP: 100/100
   178 | D:1      | Reached XP level 2. HP: 51/51 MP: 100/100
   436 | D:1      | Reached XP level 3. HP: 63/63 MP: 100/100
   514 | D:1      | Reached ** piety under Trog
   805 | D:2      | Found a shattered altar of Ashenzari.
  1028 | D:2      | Reached XP level 4. HP: 76/76 MP: 100/100
  1347 | D:2      | Reached *** piety under Trog
  2161 | D:3      | Noticed Sigmund
  2183 | D:3      | Killed Sigmund
  2316 | D:3      | Reached skill level 5 in Axes
  2805 | D:4      | Reached XP level 5. HP: 88/88 MP: 100/100
  2818 | D:4      | Reached skill level 5 in Fighting
  2824 | D:4      | Reached **** piety under Trog
  3106 | D:4      | Noticed Edmund
  3131 | D:4      | Killed Edmund
  3163 | D:4      | Reached XP level 6. HP: 100/100 MP: 100/100
  3174 | D:4      | Got a wizard robe
  3185 | D:4      | Identified the cursed +1 robe of It's Over Quickly {MP+25} (You found it on level 4 of the Dungeon)
  3586 | D:4      | Reached ***** piety under Trog
  4149 | D:5      | Entered Level 5 of the Dungeon
  4367 | D:5      | HP: 8/100 [acid (6)]
  4933 | D:6      | Found a radiant altar of Vehumet.
  5246 | D:6      | Received a gift from Trog
  5351 | D:6      | Reached XP level 7. HP: 28/112 MP: 100/100
  5663 | D:7      | Entered Level 7 of the Dungeon
  6158 | D:7      | Reached skill level 1 in Long Blades
  6216 | D:7      | Found Qaufruc's Book Emporium.
  6321 | D:7      | Found a staircase to the Lair.
  6454 | D:7      | Received a gift from Trog
  7307 | D:7      | Found a bloodstained altar of Trog.
  7313 | D:7      | Found a basalt altar of Yredelemnul.
  7580 | Lair:1   | Entered Level 1 of the Lair of Beasts
  7657 | Lair:1   | Reached skill level 2 in Long Blades
  7657 | Lair:1   | Reached XP level 8. HP: 54/123 MP: 33/100
  7998 | Lair:1   | Reached skill level 3 in Long Blades
  8003 | Lair:1   | Reached XP level 9. HP: 90/135 MP: 33/100
  8365 | Lair:1   | Reached skill level 4 in Long Blades
  8440 | Lair:1   | Received a gift from Trog
  8802 | Lair:2   | Reached XP level 10. HP: 124/147 MP: 33/100
  8805 | Lair:2   | Reached skill level 5 in Armour
  9099 | Lair:2   | Reached skill level 5 in Long Blades
  9214 | Lair:2   | Noticed a death yak
  9227 | Lair:2   | Killed a death yak
  9227 | Lair:2   | Reached XP level 11. HP: 102/159 MP: 33/100
  9276 | Lair:2   | Noticed Prince Ribbit
  9283 | Lair:2   | Killed Prince Ribbit
  9760 | Lair:2   | Reached ****** piety under Trog
 10179 | Lair:3   | Noticed a two-headed hydra
 10194 | Lair:3   | Killed a ten-headed hydra
 10194 | Lair:3   | Reached skill level 6 in Long Blades
 10650 | Lair:3   | Received a gift from Trog
 10885 | Lair:3   | Reached XP level 12. HP: 169/172 MP: 100/100
 11101 | Lair:3   | Found a staircase to the Snake Pit.
 11470 | Lair:4   | Reached skill level 7 in Long Blades
 11989 | Lair:4   | Received a gift from Trog
 12083 | Lair:4   | Reached skill level 5 in Dodging
 12083 | Lair:4   | Reached XP level 13. HP: 181/184 MP: 100/100
 12441 | Lair:4   | Found a staircase to the Shoals.
 12905 | Lair:4   | Reached skill level 8 in Long Blades
 13162 | Lair:5   | Found a dark tunnel.
 13171 | Volcano  | Entered a volcano
 13629 | Lair:5   | Noticed Rupert
 13639 | Lair:5   | Received a gift from Trog
 13650 | Lair:5   | Killed Rupert
 13656 | Lair:5   | Identified 2 scrolls of acquirement
 13659 | Lair:5   | Got a heavily runed hat
 13665 | Lair:5   | Identified the +2 hat of Synchronized Stabbing {rC- rN+++ Dex-2 SInv} (You acquired it on level 5 of the Lair of Beasts)
 13668 | Lair:5   | Got a crude cloak
 13674 | Lair:5   | Identified the +1 cloak of Sif Muna's Castigation {Int+5 Dex-3 Slay+2 SInv} (You acquired it on level 5 of the Lair of Beasts)
 14582 | Lair:5   | Reached XP level 14. HP: 197/197 MP: 100/100
 14706 | Lair:5   | Reached skill level 9 in Long Blades
 15316 | Lair:6   | Received a gift from Trog
 16800 | Lair:6   | Found a staircase to the Swamp.
 17031 | Lair:7   | Entered Level 7 of the Lair of Beasts
 17141 | Lair:7   | Reached skill level 10 in Long Blades
 17379 | Lair:7   | Reached XP level 15. HP: 188/209 MP: 100/100
 17421 | Lair:7   | Received a gift from Trog
 18126 | Lair:7   | Found a bloodstained altar of Trog.
 18280 | Lair:7   | Noticed Snorg
 18289 | Lair:7   | Killed Snorg
 18380 | Lair:7   | Found a staircase to the Orcish Mines.
 18402 | Lair:7   | Reached skill level 11 in Long Blades
 18996 | Orc:1    | Entered Level 1 of the Orcish Mines
 19062 | Orc:1    | Received a gift from Trog
 19071 | Orc:1    | Found a roughly hewn altar of Beogh.
 19484 | Orc:1    | Found an iron altar of Okawaru.
 19660 | Orc:2    | Found a roughly hewn altar of Beogh.
 19750 | Orc:2    | Received a gift from Trog
 19918 | Orc:2    | Found a shimmering altar of Xom.
 20364 | Orc:3    | Reached skill level 10 in Fighting
 20557 | Orc:3    | Received a gift from Trog
 20567 | Orc:3    | Noticed Nessos
 20583 | Orc:3    | Killed Nessos
 20619 | Orc:3    | Found Noluuk's Magic Scroll Emporium.
 20626 | Orc:3    | Bought a scroll of enchant weapon for 90 gold pieces
 20626 | Orc:3    | Bought a scroll of enchant armour for 90 gold pieces
 20626 | Orc:3    | Bought a scroll of identify for 24 gold pieces
 20642 | Orc:3    | Found a roughly hewn altar of Beogh.
 21130 | Orc:5    | Received a gift from Trog
 21211 | Orc:6    | Found a viscous altar of Jiyva.
 21211 | Orc:6    | Found a staircase to the Elven Halls.
 21235 | Orc:5    | Noticed Harold
 21252 | Orc:5    | Reached XP level 16. HP: 221/221 MP: 100/100
 21253 | Orc:5    | Killed Harold
 21253 | Orc:5    | Reached skill level 12 in Long Blades
 21495 | Orc:5    | Paralysed by an orc sorcerer for 7 turns
 21588 | Orc:6    | Found Seabb's General Store.
 21624 | Orc:6    | Received a gift from Trog
 21641 | Orc:6    | Bought an uncursed amulet of quick casting for 420 gold pieces
 21812 | Orc:6    | Reached skill level 10 in Armour
 21845 | Orc:6    | Found a hole to the Spider Nest.
 22333 | Orc:7    | Entered Level 7 of the Orcish Mines
 22481 | Orc:7    | Paralysed by an orc sorcerer for 3 turns
 22528 | Orc:7    | Found a roughly hewn altar of Beogh.
 22559 | Orc:7    | Found a roughly hewn altar of Beogh.
 22714 | Orc:7    | Found a roughly hewn altar of Beogh.
 22715 | Orc:7    | Found Ugunirei's Antique Weapon Shoppe.
 22724 | Orc:7    | Received a gift from Trog
 22778 | Orc:7    | Reached skill level 13 in Long Blades
 22863 | Orc:7    | Found a roughly hewn altar of Beogh.
 22937 | Orc:7    | HP: 19/221 [orc warrior/short sword[an orc warlord] (4)]
 22938 | Orc:7    | HP: 3/221 [orc warrior/trident[an orc warlord] (8)]
 22939 | Orc:7    | Slain by an orc

Skill      XL: |  1  2  3  4  5  6  7  8  9 10 11 12 13 14 15 16 |
---------------+-------------------------------------------------+-----
Dodging        | 2 3 4 5 6 7 |  7.7
Axes           | 5 6 7 |  7.5
Fighting       | 5 6 7 8 9 10 11 | 11.1
Armour         | 3 4 5 6 7 8 9 10 | 10.5
Long Blades    | 2 3 4 5 6 7 8 10 11 13 | 13.2

Action                   |  1- 3 |  4- 6 |  7- 9 | 10-12 | 13-15 | 16-18 || total
-------------------------+-------+-------+-------+-------+-------+-------++-------
Melee: Hand axe          |   125 |   757 |   107 |       |       |       ||   989
       Great sword       |       |       |   198 |       |       |       ||   198
       Battleaxe         |       |       |   171 |   240 |       |       ||   411
       Demon blade       |       |       |       |   267 |  1315 |       ||  1582
       Executioner's axe |       |       |       |       |   306 |       ||   306
       Triple sword      |       |       |       |       |   173 |   428 ||   601
Invok: Burn Spellbooks   |       |     1 |     1 |       |     3 |       ||     5
       Berserk           |       |       |       |     2 |     5 |     2 ||     9
Evoke: Wand              |       |       |       |       |       |     1 ||     1
  Use: Scroll            |     5 |     1 |     7 |     4 |    22 |     4 ||    43
       Potion            |       |     2 |       |     2 |     1 |    12 ||    17
 Stab: Petrified         |       |       |       |       |     1 |       ||     1
Armor: Animal skin       |     5 |       |       |       |       |       ||     5
       Chain mail        |    19 |   262 |       |       |       |       ||   281
       Plate armour      |       |   121 |   338 |   461 |  1219 |   380 ||  2519
Dodge: Dodged            |    79 |   385 |   278 |   360 |  1129 |   421 ||  2652
